 Dungeon Crawl Stone Soup version 0.28-a0-397-g1a7b1a870f (webtiles) character file.

Game seed: 2538973693475381241

7384 dyingshadow93 the Fighter (level 10, -8/94 HPs)
             Began as a White Draconian Berserker on Sept 4, 2021.
             Was an Elder of Trog.
             Mangled by a death yak (19 damage)
             ... on level 7 of the Dungeon.
             The game lasted 00:47:03 (10336 turns).

dyingshadow93 the Fighter (DrBe)                   Turns: 10336, Time: 00:47:04

Health: -8/94      AC: 10    Str: 29    XL:     10   Next: 92%
Magic:  10/10      EV: 15    Int:  7    God:    Trog [****..]
Gold:   346        SH:  6    Dex: 17    Spells: 9/9 levels left

rFire   . . .      SeeInvis .   y - +3 morningstar (freeze)
rCold   + . .      Faith    .   h - +0 buckler
rNeg    . . .      Spirit   .   (armour unavailable)
rPois   .          Reflect  .   (helmet restricted)
rElec   .          Harm     .   n - +0 cloak
rCorr   .          Rampage  .   (no gloves)
Will    .....                   c - +1 pair of boots
Stlth   ++........              (no amulet)
HPRegen 0.25/turn               x - +6 ring of strength
MPRegen 0.12/turn               v - +6 ring of dexterity

@: no status effects
A: breathe frost, AC +7, unfitting armour, cold resistance 1, cold-blooded
a: Breathe Frost, Renounce Religion, Berserk, Trog's Hand, Brothers in Arms


You were on level 7 of the Dungeon.
You worshipped Trog.
Trog was greatly pleased with you.
You visited 1 branch of the dungeon, and saw 8 of its levels.

You collected 346 gold pieces.

Inventory:

Hand Weapons
 a - a +0 mace of venom
 u - a +4 mace
 y - a +3 morningstar of freezing (weapon)
Missiles
 C - 4 throwing nets
Armour
 c - a +1 pair of boots (worn)
 h - a +0 buckler (worn)
 n - a +0 cloak (worn)
Jewellery
 f - a +6 ring of intelligence
 q - a ring of fire
 v - a +6 ring of dexterity (right hand)
 x - a +6 ring of strength (left hand)
 B - a ring of protection from fire
 E - a ring of wizardry
Wands
 b - a wand of digging (7)
 g - a wand of iceblast (12)
 m - a wand of flame (5)
 s - a wand of polymorph (16)
 D - a wand of paralysis (7)
Scrolls
 i - 3 scrolls of teleportation
 w - a scroll of enchant armour
 A - a scroll of torment
 F - a scroll of identify
 G - a scroll of summoning {unknown}
Potions
 d - a potion of flight
 e - 2 potions of brilliance
 j - a potion of lignification
 k - a potion of haste {unknown}
 l - a potion of heal wounds
 o - a potion of cancellation {unknown}
 p - a potion of mutation {unknown}
 r - a potion of degeneration
 t - 5 potions of curing
 z - 2 potions of resistance {unknown}


   Skills:
 + Level 10.9 Fighting
 + Level 10.2 Maces & Flails
 - Level 6.0 Dodging
 + Level 8.0 Shields


You had 9 spell levels left.
You didn't know any spells.
Your spell library contained the following spells:

 Spells                   Type           Power      Damage    Failure   Level
 Ignite Poison            Fire/Tmut/Pois 0%         N/A       80%         3
 Mephitic Cloud           Conj/Pois/Air  0%         N/A       80%         3
 Airstrike                Air            0%         N/A       99%         4
 Summon Lightning Spire   Summ/Air       0%         N/A       99%         4
 Freezing Cloud           Conj/Ice/Air   0%         6-21      100%        5
 Lightning Bolt           Conj/Air       0%         1d11      100%        5


Dungeon Overview and Level Annotations

Branches:
Dungeon (8/15)             Temple (0/1) D:5            Lair (0/6) D:8

Altars:
Fedhas
Hepliaklqana
Makhleb
Okawaru
Uskayaw
Xom
Yredelemnul

Shops:
D:8 =


Innate Abilities, Weirdness & Mutations

You can breathe waves of freezing cold which knock back foes.
Your icy white scales are hard. (AC +7)
You cannot fit into any form of body armour.
Your flesh is cold resistant. (rC+)
You are cold-blooded and may be slowed by cold attacks.


Message History

You start resting.
You are no longer berserk.
You are exhausted.
You feel yourself slow down.
You start resting.
You feel yourself speed up.
You start resting.
You recover from your berserk rage.
You start resting.
HP restored.
There is a stone staircase leading down, spattered with blood here.
You can't go up here!
You climb downwards.
You block the death yak's attack. The death yak closely misses you.
There is a stone staircase leading up here.
You can't go down here!
You can't go down here!
The death yak closely misses you.
The death yak gores you but does no damage.
You block the death yak's attack.
You climb upwards.
There is a stone staircase leading down, spattered with blood here.
You hit the death yak but do no damage.
You tail-slap the death yak, but do no damage.
The death yak barely misses you. You block the death yak's attack.
The death yak gores you!
You bludgeon the death yak!! You freeze the death yak!
The death yak is heavily wounded.
You block the death yak's attack. The death yak gores you!!
The death yak gores you!
You barely miss the death yak.
The death yak is heavily wounded.
The death yak gores you! The death yak misses you. The death yak gores you!
You can't go up here!
The death yak gores you!
* * * LOW HITPOINT WARNING * * *
The death yak gores you!
* * * LOW HITPOINT WARNING * * *
The death yak gores you!!
You die...

#.......# #.......# #.......#
#.......# ##.#.#### #....)..#
#.#.# ############.......# #.#.#
######...)..............#
#.#.####......##########.......#
##.#.##...#############
#.......# ...#....### #†YY....#
#...[...# #.....###
#Y@.....###.####### #.##.##
#.......##..# ..##.#
#.......##.## .###.#
########..#.#####.# .# #.#
#........##...# #.# .# #.#
#........####.###.# .#
#(###).......# #..##.# ##
#.#.)).......# ##.#..#
#...##.......# #...##


You could see 3 death yaks.

Vanquished Creatures
  Harold (D:7)
  A two-headed ogre (D:8)
  3 death yaks (D:7)
  Pikel (D:6)
  Maggie (D:7)
  Grinder (D:6)
  Sigmund (D:3)
  Eustachio (D:5)
  Duvessa (D:5)
  A black bear (D:5)
  An ice beast (D:6)
  An orc warrior (D:8)
  A hornet zombie (D:8)
  3 ogres
  2 centaurs
  3 phantoms
  A kobold brigand (D:7)
  Blork the orc (D:6)
  2 bullfrogs
  A wyvern zombie (D:8)
  A scorpion (D:6)
  Dowan (D:5)
  5 wights (D:7)
  3 electric eels (D:8)
  A howler monkey (D:6)
  A centaur skeleton (D:7)
  2 gnoll shamans
  5 hounds
  A jelly (D:5)
  Crazy Yiuf (D:2)
  2 bullfrog skeletons
  3 iguanas (D:5)
  Ijyb (D:3)
  Natasha (thrice) (D:2)
  3 orc wizards
  Terence (D:2)
  2 killer bee zombies
  A hound zombie (D:5)
  14 gnolls
  10 adders
  2 shadow imps (D:5)
  3 dart slugs
  19 orcs
  7 ball pythons
  5 bats
  10 endoplasms
  4 giant cockroaches
  3 hobgoblins
  6 jackals
  9 quokkas
  5 frilled lizards
  10 goblins
  14 kobolds
  6 rats
  A spectral orc (D:8)
193 creatures vanquished.

Vanquished Creatures (others)
  A white imp (D:6)
  28 plants
29 creatures vanquished.

Grand Total: 222 creatures vanquished

Notes
Turn   | Place    | Note
-------+----------+-------------------------------------------
     0 | D:1      | dyingshadow93 the Draconian Berserker began the quest for
                  | the Orb.
     0 | D:1      | Reached XP level 1. HP: 19/19 MP: 1/1
   101 | D:1      | Reached XP level 2. HP: 13/26 MP: 2/2
   506 | D:1      | Reached XP level 3. HP: 25/33 MP: 3/3
   668 | D:1      | Reached ** piety under Trog
   861 | D:1      | Found a faded altar of an unknown god.
  1357 | D:2      | Reached XP level 4. HP: 20/40 MP: 4/4
  1771 | D:2      | Found a shimmering altar of Xom.
  1901 | D:2      | Reached XP level 5. HP: 24/47 MP: 5/5
  1920 | D:2      | Noticed Natasha
  1948 | D:2      | Killed Natasha
  2271 | D:2      | Found a runed translucent door.
  2272 | D:2      | Noticed Crazy Yiuf
  2281 | D:2      | Killed Crazy Yiuf
  2484 | D:2      | Noticed Natasha
  2489 | D:2      | Killed Natasha
  2590 | D:2      | Noticed Natasha
  2602 | D:2      | Killed Natasha
  2602 | D:2      | Reached *** piety under Trog
  2603 | D:2      | Reached skill level 5 in Fighting
  3098 | D:2      | Noticed Terence
  3112 | D:2      | Killed Terence
  3113 | D:2      | Reached XP level 6. HP: 42/56 MP: 6/6
  3702 | D:3      | Noticed Sigmund
  3716 | D:3      | Killed Sigmund
  3717 | D:3      | Reached skill level 5 in Maces & Flails
  4238 | D:3      | Noticed Ijyb
  4245 | D:3      | Killed Ijyb
  4246 | D:3      | Your scales start taking on an icy white colour.
  4246 | D:3      | Reached XP level 7. HP: 62/62 MP: 7/7
  4246 | D:3      | Gained mutation: Your flesh is cold resistant. (rC+) [White
                  | Draconian growth]
  4847 | D:4      | Reached skill level 5 in Dodging
  4923 | D:4      | You fall into a shaft and drop 1 floor!
  4923 | D:5      | Entered Level 5 of the Dungeon
  4947 | D:5      | Found a staircase to the Ecumenical Temple.
  5059 | D:5      | Noticed Eustachio
  5069 | D:5      | Killed Eustachio
  5517 | D:5      | Reached XP level 8. HP: 71/71 MP: 8/8
  5569 | D:5      | Reached skill level 1 in Shields
  5658 | D:5      | Noticed Dowan
  5682 | D:5      | Killed Dowan
  5973 | D:5      | Found an iron altar of Okawaru.
  6019 | D:5      | Noticed Duvessa
  6032 | D:5      | Killed Duvessa
  6429 | D:6      | Noticed Grinder
  6448 | D:6      | Killed Grinder
  6449 | D:6      | Found a hide-covered altar of Uskayaw.
  6710 | D:6      | Found a burning altar of Makhleb.
  6922 | D:6      | Reached XP level 9. HP: 75/81 MP: 9/9
  6962 | D:6      | Identified the +2 scale mail of Peoph {+Inv rF- Str+2
                  | Int+8}
  7029 | D:6      | Reached **** piety under Trog
  7038 | D:6      | Noticed Blork the orc
  7055 | D:6      | Killed Blork the orc
  7354 | D:6      | Found a hazy altar of Hepliaklqana.
  7354 | D:6      | Noticed Pikel
  7362 | D:6      | Killed Pikel
  7374 | D:6      | Found a shimmering altar of Xom.
  7379 | D:6      | Found a blossoming altar of Fedhas.
  7553 | D:7      | Reached skill level 5 in Shields
  7782 | D:7      | Noticed Maggie
  7805 | D:7      | Killed Maggie
  8154 | D:7      | Noticed Harold
  8172 | D:7      | Killed Harold
  8173 | D:7      | Reached XP level 10. HP: 38/92 MP: 10/10
  8939 | D:8      | Found Vycot's Jewellery Shop.
  9280 | D:8      | Noticed a two-headed ogre
  9293 | D:8      | Killed a two-headed ogre
  9294 | D:8      | Reached skill level 10 in Fighting
  9804 | D:8      | Found a basalt altar of Yredelemnul.
  9842 | D:8      | Noticed a death yak
  9842 | D:8      | Noticed a death yak
  9842 | D:8      | Noticed a death yak
  9843 | D:8      | Noticed a death yak
  9843 | D:8      | Noticed a death yak
  9844 | D:8      | Noticed a death yak
  9845 | D:8      | Found a staircase to the Lair.
  9845 | D:8      | Noticed a death yak
  9867 | D:7      | Killed a death yak
 10183 | D:7      | Killed a death yak
 10184 | D:7      | Reached skill level 10 in Maces & Flails
 10192 | D:7      | Killed a death yak
 10336 | D:7      | Mangled by a death yak

Illustrated notes

Levels and vault maps discovered:
D:1:      onia_arrival_pyramid, layout_basic,
          dreamdust_ecumenical_altar_hidden_monk_grotto
D:2:      minmay_chambers_of_ones, layout_basic, basic_altar, uniq_natasha,
          uniq_crazy_yiuf_cottage, uniq_terence
D:3:      layout_loops_cross, uniq_sigmund, uniq_ijyb
D:4:      layout_loops_ring, nrook_campfire, serial_bayou_crossing
D:5:      layout_loops_ring, lemuel_coloured_pillars_altar,
          minmay_temple_entry_trees, wad_floor_pattern_untrapped,
          uniq_eustachio, uniq_duvessa
D:6:      layout_loops_cross, grunt_temple_overflow_diamond, bloody_makhleb,
          mainiacjoe_overflow_concentric_impassable, minmay_increasing_density,
          uniq_blork_the_orc, uniq_grinder, uniq_pikel
D:7:      layout_rooms, uniq_maggie, uniq_harold
D:8:      layout_rooms, yredelemnul_forgotten_temple_becter, dpeg_lair_monsters,
          serial_shops, nicolae_inconvenience_store, serial_bayou,
          serial_bayou_lagoon_a, serial_bayou_shore_b, serial_bayou_lake_a,
          serial_bayou_ford_a, kennysheep_generic_room_9

Skill      XL: |  1  2  3  4  5  6  7  8  9 10 |
---------------+-------------------------------+-----
Dodging        | 3 4 5 6 |  6.0
Fighting       | 4 5 6 8 9 10 | 10.9
Maces & Flails | 4 5 6 7 9 10 | 10.2
Shields        | 3 6 8 |  8.0

Action                   |  1- 3 |  4- 6 |  7- 9 | 10-12 || total
-------------------------+-------+-------+-------+-------++-------
Melee: Mace              |   101 |   158 |   299 |       ||   558
       Tailslap          |    10 |    18 |    71 |    15 ||   114
       Morningstar       |       |       |    53 |    76 ||   129
Invok: Berserk           |     1 |     3 |     8 |     3 ||    15
       Trog's Hand       |       |     3 |     4 |     1 ||     8
 Abil: Breathe Frost     |       |       |     7 |     2 ||     9
  Use: Scroll            |     2 |     6 |     5 |     1 ||    14
 Stab: Sleeping          |       |     1 |     1 |       ||     2
Armor: Skin              |    39 |    48 |    98 |    24 ||   209
Dodge: Dodged            |    73 |   123 |   223 |    58 ||   477
Block: Buckler           |       |       |    30 |    19 ||    49

Table legend: (Time is in decaauts)
 A = Elapsed time spent in this place.
 B = Non-inter-level travel time spent in this place.
 C = Inter-level travel time spent in this place.
 D = Time resting spent in this place.
 E = Time spent auto-exploring this place.
 F = Levels seen in this place.
 G = Mean time per level.
                   A        B        C        D        E       F      G
               +--------+--------+--------+--------+--------+-----+--------+
         Total |  10563 |  10354 |    209 |   3718 |   4497 |   8 | 1320.4 |
       Dungeon |  10563 |  10354 |    209 |   3718 |   4497 |   8 | 1320.4 |
               +--------+--------+--------+--------+--------+-----+--------+

Top non-repeatable levels by time:
     D:2: 2347 daAuts
     D:7: 1592 daAuts
     D:5: 1519 daAuts
     D:3: 1393 daAuts
     D:8: 1266 daAuts
     D:1: 1162 daAuts
     D:6: 1155 daAuts
     D:4: 127 daAuts
